 Dungeon Crawl Stone Soup version 0.16-a0-1301-gf74d490 (webtiles) character file.

120 Chiseanne the Ducker (level 4, 0/21 HPs)
             Began as a Spriggan Healer on Oct 15, 2014.
             Was a Believer of Elyvilon.
             Slain by an orc
             ... wielding a +0 hand axe
              (2 damage)
             ... while paralysed
             ... on level 10 of the Dungeon.
             The game lasted 00:24:50 (3762 turns).

Chiseanne the Ducker (Spriggan Healer)              Turns: 3762, Time: 00:24:50

Health: 0/21       AC:  5    Str:  8      XL:     4   Next: 75%
Magic:  0/11       EV:  4    Int: 10 (13) God:    Elyvilon [**....]
Gold:   319        SH:  0    Dex: 17      Spells: 1 memorised, 1 level left

rFire  . . .     SeeInvis +     a - +2 long sword (elec)
rCold  . . .     Clarity  .     t - +2 robe
rNeg   . . .     SustAb   .     (shield restricted)
rPois  .         Gourm    .     (helmet restricted)
rElec  .         Spirit   +     w - +0 cloak
rCorr  .         Warding  .     (gloves unavailable)
rMut   .         Stasis   .     (boots unavailable)
MR     .....                    d - amulet of guardian spirit
Stlth  +++.......               (no ring)
                                n - +1 ring of dexterity

@: paralysed, starving, very quick, not resistant to hostile enchantments,
fairly stealthy
A: unfitting armour, see invisible, herbivore 3, speed 3, slow metabolism 2
a: Lesser Healing, Lesser Self-Healing, Divine Protection, Purification,
Renounce Religion


You were on level 10 of the Dungeon.
You worshipped Elyvilon.
Elyvilon was pleased with you.
You were starving.

You visited 1 branch of the dungeon, and saw 10 of its levels.

You collected 319 gold pieces.

Inventory:

Hand weapons
 a - a +2 long sword of electrocution (weapon)
 s - a +0 dagger
Missiles
 e - 3 curare-tipped needles
 m - 8 tomahawks of returning (quivered)
 r - 16 poisoned needles
 v - 5 poisoned tomahawks
Armour
 t - a +2 robe (worn)
 w - a +0 cloak (worn)
Jewellery
 d - an amulet of guardian spirit (around neck)
 n - a +1 ring of dexterity (left hand)
 o - an uncursed amulet of resist mutation
 y - an uncursed amulet of resist mutation
Magical devices
 f - a wand of slowing (21)
 p - a wand of confusion (37)
 q - a wand of paralysis (3)
 u - a wand of confusion (14)
Scrolls
 h - a scroll of magic mapping
 j - 2 scrolls of enchant armour
 l - a scroll of identify
 x - 2 scrolls of teleportation
Potions
 b - 3 potions of curing
 c - 2 potions of heal wounds
 i - a potion of resistance
Books
 g - a book of Minor Magic

   Spells                             Type                      Level
   Magic Dart                         Conjuration                  1
   *Blink                             Translocation                2
   Call Imp                           Summoning                    2
   Repel Missiles                     Charms/Air                   2
   Slow                               Hexes                        2
   Conjure Flame                      Conjuration/Fire             3
   Mephitic Cloud                     Conjuration/Poison/Air       3
 k - a book of Debilitation

   Spells                             Type                      Level
   Corona                             Hexes                        1
   Slow                               Hexes                        2
   Inner Flame                        Hexes/Fire                   3
   Enslavement                        Hexes                        4
   Cause Fear                         Hexes                        4
   Leda's Liquefaction                Hexes/Earth                  4


   Skills:
 - Level 0.7 Fighting
 * Level 4.2 Dodging
 * Level 2.7 Stealth
 * Level 2.2 Translocations
 * Level 4.1 Invocations


You had one spell level left.
You knew the following spells:

 Your Spells              Type           Power        Failure   Level  Hunger
a - Blink                 Tloc           N/A          24%         2    ###....


Dungeon Overview and Level Annotations

Branches:
Dungeon (10/15)
 Temple: D:4-7          Orc: D:9-12        Lair: D:8-11

Altars:
Makhleb
Yredelemnul

Shops:
D:8 (

Annotations:
D:2 Terence
D:4 Chiseanne's ghost, average OpAs


Innate Abilities, Weirdness & Mutations

You are tiny and cannot use many weapons and most armour.
You have supernaturally acute eyesight.
You are a herbivore.
You cover ground extremely quickly.
You need consume almost no food.


Message History

The rat misses you. The bat misses you. The orc barely misses you.
The bat hits you. The bat barely misses you.
You lose consciousness!
The bat hits you but does no damage. The bat hits you but does no damage.
The orc hits you with a dagger. The bat hits you but does no damage. x2
The bat hits you but does no damage. The orc hits you with a falchion.
The bat hits you but does no damage. The orc hits you with a dagger.
The bat barely misses you. The orc hits you with a falchion.
* * * LOW HITPOINT WARNING * * *
The rat bites you.
* * * LOW HITPOINT WARNING * * *
The bat hits you but does no damage. The orc hits you but does no damage.
The green rat bites you.
* * * LOW HITPOINT WARNING * * *
The rat bites you but does no damage. The orc hits you with a falchion.
The orc barely misses you. The orc hits you with a hand axe.
You die...

+.........'...'....+......## ##
#....[..).#...#....##+##r..# #.
#.........#...#....#..##'### #.
.##+###r###...'....#..##..## #.
..+.......#....#....#..#....# #.
..#.......'....#....'.......# #.
..#+###'####+###r...##..#....####
......r........oro....########...
......o........o@r....# ##..
...rKo...........b....# #..
......................##########'
...#o#######....##+####.#........
..r#.......+....#....o...........
+.......#....'....#......#...o
...###o#####....#'#######+#######
...b..Ko..o............#
.......................#


You could see a green rat, 3 orcs, a bat and 2 rats.

Vanquished Creatures
  2 giant mites
  3 giant cockroaches
  A goblin (D:7)
  A bat (D:8)
  A gnoll skeleton (D:5)
  A kobold (D:10)
  A rat (D:5)
10 creatures vanquished.

Vanquished Creatures (others)
  An orc (D:6)
  A bat (D:1)
  A hobgoblin (D:6)
  A rat (D:1)
  A fungus (D:10)
5 creatures vanquished.

Grand Total: 15 creatures vanquished

Notes
Turn   | Place    | Note
--------------------------------------------------------------
     0 | D:1      | Chiseanne, the Spriggan Healer, began the quest for the Orb.
     0 | D:1      | Reached XP level 1. HP: 9/9 MP: 2/2
   756 | D:1      | Reached XP level 2. HP: 14/14 MP: 3/5
  1042 | D:2      | Noticed Terence
  1373 | D:4      | Noticed a rust devil
  1658 | D:5      | Entered Level 5 of the Dungeon
  1767 | D:4      | Reached XP level 3. HP: 14/17 MP: 2/8
  1832 | D:4      | Noticed Chiseanne's ghost (average OpAs)
  2498 | D:6      | Noticed a sky beast
  2636 | D:5      | Learned a level 2 spell: Blink
  2809 | D:6      | Noticed a giant frog
  2817 | D:6      | Pacified a giant frog
  2817 | D:6      | Reached skill level 1 in Stealth
  2817 | D:6      | Reached skill level 1 in Translocations
  2817 | D:6      | Reached skill level 4 in Invocations
  2817 | D:6      | Reached XP level 4. HP: 16/21 MP: 11/11
  2833 | D:6      | Noticed an ogre
  2954 | D:7      | Noticed a giant frog
  2966 | D:7      | Pacified a giant frog
  3020 | D:7      | Noticed an ice beast
  3246 | D:8      | Found Kapeasm's Weapon Boutique.
  3343 | D:8      | Found a burning altar of Makhleb.
  3444 | D:9      | Noticed an orc warrior
  3505 | D:9      | Noticed a phantom
  3505 | D:9      | Noticed an ogre
  3528 | D:9      | Noticed a sky beast
  3538 | D:9      | Found a basalt altar of Yredelemnul.
  3584 | D:10     | Entered Level 10 of the Dungeon
  3662 | D:9      | Noticed an ogre
  3678 | D:10     | Noticed a crocodile
  3762 | D:10     | Slain by an orc

Action                   |  1- 3 |  4- 6 || total
-------------------------+-------+-------++-------
Melee: Unarmed           |    21 |       ||    21
       Club              |    34 |       ||    34
       Dagger            |       |    18 ||    18
       Long sword        |       |     5 ||     5
Invok: Lesser Healing    |    91 |     6 ||    97
Evoke: Wand              |     5 |     2 ||     7
  Use: Potion            |     3 |     4 ||     7
       Scroll            |     8 |     3 ||    11
 Stab: Sleeping          |     3 |     3 ||     6
       Confused          |     2 |       ||     2
